 Dungeon Sprint DCSS version 0.21.1-1-g345015f (webtiles) character file.

2130 wilfster70 the Covert (level 9, -12/72 HPs)
             Began as a Gnoll Enchanter on June 12, 2018.
             Was a Follower of Wu Jian.
             Shot with an arrow by a centaur warrior (19 damage)
             ... in the Dungeon (Sprint I: "Red Sonja") on June 15, 2018.
             The game lasted 00:03:06 (493 turns).

wilfster70 the Covert (Gnoll Enchanter)              Turns: 493, Time: 00:03:07

Health: -12/72     AC:  2    Str: 12    XL:     9   Next: 30%
Magic:  14/22      EV: 18    Int: 24    God:    Wu Jian [*.....]
Gold:   343        SH:  0    Dex: 15    Spells: 20/26 levels left

rFire    . . .     SeeInvis .   a - +2 dagger (venom)
rCold    . . .     Gourm    .   (no shield)
rNeg     . . .     Faith    .   o - +0 robe of Dramatic Exits {*Drain Regen+ Int+4} (curse)
rPois    .         Spirit   .   (no helmet)
rElec    .         Reflect  .   (no cloak)
rCorr    .         Harm     .   (no gloves)
MR       .....     NoTele   +   (no boots)
Stlth    ++........             (no amulet)
HPRegen  0.62/turn              (no ring)
MPRegen  0.18/turn              (no ring)

@: very slow
A: distributed training, fangs 1, strong nose
a: Renounce Religion


You were in the Dungeon.
You worshipped Wu Jian.
Wu Jian was aware of your devotion.
You were not hungry.

You visited 1 branch You collected 531 gold pieces.
You spent 188 gold pieces at shops.

Inventory:

Hand Weapons
 a - a +2 dagger of venom (weapon)
Armour
 b - a +0 robe
 l - a +0 leather armour
 o - the cursed +0 robe of Dramatic Exits (worn) {*Drain Regen+ Int+4}
   (You bought it in a shop in the Dungeon)

   It affects your intelligence (+4).
   It increases your rate of regeneration.
   It causes draining when unequipped.
   It has a curse placed upon it.
Wands
 i - a wand of polymorph (2)
Scrolls
 j - a scroll of blinking
 k - a scroll of magic mapping {unknown}
 m - a scroll of enchant weapon {unknown}
 p - a scroll of brand weapon {unknown}
Potions
 e - a potion of curing
 f - a potion of heal wounds
 g - a potion of haste
 h - 2 potions of magic
 n - a potion of brilliance {unknown}
Books
 c - a book of Maledictions

   Spells                             Type                      Level
   a - Corona                         Hexes                        1
   b - Ensorcelled Hibernation        Hexes/Ice                    2
   c - Confuse                        Hexes                        3
   d - Tukima's Dance                 Hexes                        3
   e - Dazzling Spray                 Conjuration/Hexes            3
Comestibles
 d - 2 rations


   Skills:
 + Level 7.3 Fighting
 + Level 7.9 Short Blades
 + Level 7.3 Long Blades
 + Level 7.3 Axes
 + Level 7.3 Maces & Flails
 + Level 7.3 Polearms
 + Level 7.3 Staves
 + Level 7.3 Slings
 + Level 7.3 Bows
 + Level 7.3 Crossbows
 + Level 7.3 Throwing
 + Level 7.3 Armour
 + Level 8.8 Dodging
 + Level 9.5 Stealth
 + Level 7.3 Shields
 + Level 7.3 Unarmed Combat
 + Level 9.0 Spellcasting
 + Level 6.1 Conjurations
 + Level 8.3 Hexes
 + Level 6.1 Charms
 + Level 6.1 Summonings
 + Level 6.1 Necromancy
 + Level 6.1 Translocations
 + Level 6.1 Transmutations
 + Level 6.1 Fire Magic
 + Level 6.1 Ice Magic
 + Level 6.1 Air Magic
 + Level 6.1 Earth Magic
 + Level 6.1 Poison Magic
 + Level 8.1 Invocations
 + Level 7.3 Evocations


You had 20 spell levels left.
You knew the following spells:

 Your Spells              Type           Power        Failure   Level  Hunger
a - Corona                Hex            ######.      1%          1    None
b - Ensorcelled Hibernat  Hex/Ice        #####.       1%          2    None
c - Confuse               Hex            ######..     1%          3    None


Dungeon Overview and Level Annotations

Branches:
Dungeon (1/1)

Altars:
Cheibriados
Dithmenos
Elyvilon
Fedhas
Gozag
Hepliaklqana
Kikubaaqudgha
Nemelex Xobeh
Okawaru
Qazlal
Ru
Sif Muna
Trog
Uskayaw
Vehumet
Wu Jian
Yredelemnul
Zin
The Shining One

Shops:
D ([[


Innate Abilities, Weirdness & Mutations

Your experience applies equally to all skills.
You have very sharp teeth.
Your uncanny sense of smell can sniff out nearby items.


Message History

Your Air Magic skill increases to level 6!
Your Earth Magic skill increases to level 6!
Your Poison Magic skill increases to level 6!
Your Invocations skill increases to level 8!
Your Evocations skill increases to level 7!
You have reached level 9!
Your experience leads to an increase in your attributes!
Your base attributes are Str 12, Int 19, Dex 15.
Increase (S)trength, (I)ntelligence, or (D)exterity?
You feel clever.
The centaur warrior shoots an arrow.
The arrow barely misses you.
You hear a splash.
Casting: Ensorcelled Hibernation
Confirm with . or Enter, or press ? or * to list all spells.
Aiming: Ensorcelled Hibernation
Press: ? - help, Shift-Dir - straight line, f - centaur warrior
Aim: a centaur warrior, wielding a shortbow (chance to defeat MR: 52%)
The centaur warrior resists with some effort.
The centaur warrior shoots an arrow.
The arrow hits you!!
You die...

##############
.#..'..#..'..# ∆∆
.').#.)').#..+ ∆∆
.#####'#####'# ##
.####..#...#.####§§# ∆
.#__####..##.#§§§§§#∆∆
.#_____##'#_.+§§§).+
⌠#_.∩...'..._#§§@.c#∆∆
##_..__##_.#'##'####
∆#_____###'#.#)..[###
∆
##########.####'###.##
∆
........'...'.....'(∩#
#++++####.(.##########
∆ ##.## ∆ ∆#+#∆ ∆
∆∆∆∆∆ ∆∆


You could see a centaur warrior.

Vanquished Creatures
  A centaur warrior (D)
  Sonja (D)
  A deep troll (D)
  Sigmund (D)
  A yak (D)
  An ogre (D)
  A jelly (D)
  Ijyb (D)
8 creatures vanquished.

Notes
Turn   | Place    | Note
-------+----------+-------------------------------------------
     0 | D        | wilfster70 the Gnoll Enchanter began the quest for the Orb.
     0 | D        | Reached XP level 1. HP: 13/13 MP: 6/6
     1 | D        | Noticed Ijyb
    17 | D        | Killed Ijyb
    17 | D        | Reached skill level 1 in Fighting
    17 | D        | Reached skill level 1 in Long Blades
    17 | D        | Reached skill level 1 in Axes
    17 | D        | Reached skill level 1 in Maces & Flails
    17 | D        | Reached skill level 1 in Polearms
    17 | D        | Reached skill level 1 in Staves
    17 | D        | Reached skill level 1 in Slings
    17 | D        | Reached skill level 1 in Bows
    17 | D        | Reached skill level 1 in Crossbows
    17 | D        | Reached skill level 1 in Throwing
    17 | D        | Reached skill level 1 in Armour
    17 | D        | Reached skill level 1 in Shields
    17 | D        | Reached skill level 1 in Unarmed Combat
    17 | D        | Reached skill level 5 in Spellcasting
    17 | D        | Reached skill level 1 in Conjurations
    17 | D        | Reached skill level 1 in Charms
    17 | D        | Reached skill level 1 in Summonings
    17 | D        | Reached skill level 1 in Necromancy
    17 | D        | Reached skill level 1 in Translocations
    17 | D        | Reached skill level 1 in Transmutations
    17 | D        | Reached skill level 1 in Fire Magic
    17 | D        | Reached skill level 1 in Ice Magic
    17 | D        | Reached skill level 1 in Air Magic
    17 | D        | Reached skill level 1 in Earth Magic
    17 | D        | Reached skill level 1 in Poison Magic
    17 | D        | Reached skill level 1 in Invocations
    17 | D        | Reached skill level 1 in Evocations
    17 | D        | Reached XP level 2. HP: 22/22 MP: 8/8
    17 | D        | Reached XP level 3. HP: 27/27 MP: 9/9
    48 | D        | Learned a level 2 spell: Ensorcelled Hibernation
    52 | D        | Learned a level 3 spell: Confuse
    79 | D        | Noticed an ogre
    82 | D        | Killed an ogre
    82 | D        | Reached skill level 5 in Dodging
    82 | D        | Reached XP level 4. HP: 34/34 MP: 9/11
    91 | D        | Noticed Sigmund
   107 | D        | Killed Sigmund
   107 | D        | Reached skill level 5 in Short Blades
   107 | D        | Reached XP level 5. HP: 9/42 MP: 12/14
   107 | D        | Reached XP level 6. HP: 10/48 MP: 12/15
   359 | D        | Found an ornate altar of the Wu Jian Council.
   359 | D        | Found a deep blue altar of Sif Muna.
   361 | D        | Found a radiant altar of Vehumet.
   364 | D        | Became a worshipper of the Wu Jian Council
   395 | D        | Found Utuem's Antique Armour Emporium.
   395 | D        | Found an ancient bone altar of Kikubaaqudgha.
   395 | D        | Found a hazy altar of Hepliaklqana.
   395 | D        | Found a hide-covered altar of Uskayaw.
   395 | D        | Found a basalt altar of Yredelemnul.
   395 | D        | Found an opulent altar of Gozag.
   395 | D        | Found a snail-covered altar of Cheibriados.
   395 | D        | Found a sacrificial altar of Ru.
   395 | D        | Found a shadowy altar of Dithmenos.
   395 | D        | Noticed a yak
   396 | D        | Found a stormy altar of Qazlal.
   396 | D        | Found a blossoming altar of Fedhas.
   396 | D        | Found a bloodstained altar of Trog.
   396 | D        | Found an iron altar of Okawaru.
   396 | D        | Found a glowing golden altar of the Shining One.
   396 | D        | Found a glowing silver altar of Zin.
   396 | D        | Found a white marble altar of Elyvilon.
   397 | D        | Killed a yak
   397 | D        | Reached skill level 5 in Fighting
   397 | D        | Reached skill level 5 in Long Blades
   397 | D        | Reached skill level 5 in Axes
   397 | D        | Reached skill level 5 in Maces & Flails
   397 | D        | Reached skill level 5 in Polearms
   397 | D        | Reached skill level 5 in Staves
   397 | D        | Reached skill level 5 in Slings
   397 | D        | Reached skill level 5 in Bows
   397 | D        | Reached skill level 5 in Crossbows
   397 | D        | Reached skill level 5 in Throwing
   397 | D        | Reached skill level 5 in Armour
   397 | D        | Reached skill level 5 in Shields
   397 | D        | Reached skill level 5 in Unarmed Combat
   397 | D        | Reached skill level 5 in Invocations
   397 | D        | Reached skill level 5 in Evocations
   397 | D        | Reached XP level 7. HP: 56/56 MP: 15/17
   398 | D        | Found a sparkling altar of Nemelex Xobeh.
   402 | D        | Bought a creamy pearl robe for 188 gold pieces
   412 | D        | Identified the cursed +0 robe of Dramatic Exits {*Drain Regen+ Int+4} (You bought it in a shop in the Dungeon)
   418 | D        | Noticed Sonja
   421 | D        | Killed Sonja
   421 | D        | Reached * piety under Wu Jian
   421 | D        | Reached skill level 5 in Conjurations
   421 | D        | Reached skill level 5 in Charms
   421 | D        | Reached skill level 5 in Summonings
   421 | D        | Reached skill level 5 in Necromancy
   421 | D        | Reached skill level 5 in Translocations
   421 | D        | Reached skill level 5 in Transmutations
   421 | D        | Reached skill level 5 in Fire Magic
   421 | D        | Reached skill level 5 in Ice Magic
   421 | D        | Reached skill level 5 in Air Magic
   421 | D        | Reached skill level 5 in Earth Magic
   421 | D        | Reached skill level 5 in Poison Magic
   421 | D        | Reached XP level 8. HP: 64/64 MP: 18/20
   436 | D        | Found Dekkex's Weapon Boutique.
   456 | D        | Noticed a deep troll
   459 | D        | Killed a deep troll
   469 | D        | Found Ekhleody's Armour Emporium.
   488 | D        | Noticed a centaur warrior
   488 | D        | Noticed a centaur warrior
   492 | D        | Killed a centaur warrior
   492 | D        | Reached XP level 9. HP: 6/72 MP: 16/22
   493 | D        | Shot with an arrow by a centaur warrior

Skill      XL: |  1  2  3  4  5  6  7  8 |
---------------+-------------------------+-----
Fighting       | 1 2 4 5 6 7 |  7.3
Short Blades   | 3 4 5 6 7 |  7.9
Long Blades    | 1 2 4 5 6 7 |  7.3
Axes           | 1 2 4 5 6 7 |  7.3
Maces & Flails | 1 2 4 5 6 7 |  7.3
Polearms       | 1 2 4 5 6 7 |  7.3
Staves         | 1 2 4 5 6 7 |  7.3
Slings         | 1 2 4 5 6 7 |  7.3
Bows           | 1 2 4 5 6 7 |  7.3
Crossbows      | 1 2 4 5 6 7 |  7.3
Throwing       | 1 2 4 5 6 7 |  7.3
Armour         | 1 2 4 5 6 7 |  7.3
Stealth        | 6 7 8 9 |  9.5
Shields        | 1 2 4 5 6 7 |  7.3
Unarmed Combat | 1 2 4 5 6 7 |  7.3
Spellcasting   | 5 6 7 8 9 |  9.0
Conjurations   | 1 2 3 4 5 6 |  6.1
Charms         | 1 2 3 4 5 6 |  6.1
Summonings     | 1 2 3 4 5 6 |  6.1
Necromancy     | 1 2 3 4 5 6 |  6.1
Translocations | 1 2 3 4 5 6 |  6.1
Transmutations | 1 2 3 4 5 6 |  6.1
Fire Magic     | 1 2 3 4 5 6 |  6.1
Ice Magic      | 1 2 3 4 5 6 |  6.1
Air Magic      | 1 2 3 4 5 6 |  6.1
Earth Magic    | 1 2 3 4 5 6 |  6.1
Poison Magic   | 1 2 3 4 5 6 |  6.1
Invocations    | 1 3 4 5 6 8 |  8.1
Evocations     | 1 2 4 5 6 7 |  7.3
Dodging        | 5 6 7 8 |  8.8
Hexes          | 6 7 8 |  8.3

Action                   |  1- 3 |  4- 6 |  7- 9 || total
-------------------------+-------+-------+-------++-------
Melee: Unarmed           |    14 |       |       ||    14
       Dagger            |     1 |    11 |     3 ||    15
       Bite              |       |     1 |       ||     1
 Cast: Ensorcelled Hiber |       |       |     4 ||     4
Invok: Lunge             |       |     2 |     1 ||     3
  Use: Potion            |     1 |       |       ||     1
 Stab: Sleeping          |     1 |     2 |     3 ||     6
Dodge: Dodged            |     5 |     2 |     5 ||    12
